 Dungeon Crawl Stone Soup version 0.30.1 (webtiles) character file.

Game seed: 3520090375930790442

33 safid the Chiller (level 3, -3/27 HPs)
             Began as a Merfolk Ice Elementalist on July 13, 2023.
             Slain by Sigmund
             ... wielding a +2 scythe of venom
              (9 damage)
             ... on level 2 of the Dungeon.
             The game lasted 00:01:59 (791 turns).

safid the Chiller (Merfolk Ice Elementalist)         Turns: 791, Time: 00:01:59

Health: -3/27      AC:  7    Str: 14    XL:     3   Next: 29%
Magic:  5/6        EV: 12    Int: 16    God:
Gold:   73         SH:  0    Dex: 14    Spells: 6/7 levels left

rFire   . . .        d - +0 dagger
rCold   . . .        (no shield)
rNeg    . . .        a - +0 robe
rPois   .            (no helmet)
rElec   .            g - +2 cloak {Stlth+}
rCorr   +            j - +0 pair of gloves
SInv    .            c - +0 pair of boots
Will    .....        (no amulet)
Stlth   +++          f - ring of resist corrosion
HPRegen 0.24/turn    k - +6 ring of strength
MPRegen 0.10/turn

%: no passive effects
@: lethally poisoned (-3 -> -10)
A: (nimble swimmer 2), mertail
a: no special abilities


You were on level 2 of the Dungeon.
You visited 1 branch of the dungeon, and saw 2 of its levels.

You collected 73 gold pieces.

Inventory:

Hand Weapons
 d - a +0 dagger (weapon)
Armour
 a - a +0 robe (worn)
 c - a +0 pair of boots (worn)
 g - a +2 cloak of stealth (worn)
 j - a +0 pair of gloves (worn)
Jewellery
 f - a ring of resist corrosion (left hand)
 k - a +6 ring of strength (right hand)
Scrolls
 e - 4 scrolls of immolation {unknown}
 h - 4 scrolls of enchant armour {unknown}
 i - a scroll of amnesia {unknown}
Potions
 b - a potion of magic


   Skills:
 + Level 1.6 Fighting
 - Level 2.6 Dodging
 - Level 2.1 Stealth
 + Level 2.5 Spellcasting
 + Level 4.8 Ice Magic


You had 6 spell levels left.
You knew the following spells:

 Your Spells              Type           Power      Damage    Failure   Level
a - Freeze                Ice            68%        1d8       2%          1

Your spell library contained the following spells:

 Spells                   Type           Power      Damage    Failure   Level
 Frozen Ramparts          Ice            34%        1d6       9%          3
 Ozocubu's Armour         Ice            17%        N/A       9%          3
 Slow                     Hex            8%         N/A       21%         1
 Confusing Touch          Hex            2%         N/A       52%         3
 Vampiric Draining        Necr           2%         2d6       52%         3
 Summon Ice Beast         Ice/Summ       9%         N/A       58%         4


Dungeon Overview and Level Annotations

Branches:
Dungeon (2/15)

Altars:

Annotations:
D:2 Sigmund


Innate Abilities, Weirdness & Mutations

((You are very nimble when in or above water. (Stealth+, EV+, Speed+++)))
Your lower body shifts to a powerful aquatic tail in water.


Message History

The ball python is severely wounded.
The ball python seems to slow down.
The ball python barely misses you. The ball python closely misses you.
Casting: Freeze (safe; 2% risk of failure)
Confirm with . or Enter, or press ? or * to list all spells.
Aiming: Freeze (safe; 2% risk of failure)
Press: ? - help, Shift-Dir - straight line, f/p - ball python
Aim: a ball python (severely wounded, slow)
You freeze the ball python.
You kill the ball python!
Unknown command.
You see here a ball python corpse.
You start resting.
Sigmund is nearby!
Sigmund casts a spell at you.
You are confused.
You're too confused to cast spells.
Unknown command.
Okay, then.
Unknown command.
You bump into the rock wall.
Sigmund gestures wildly while chanting.
Sigmund flickers and vanishes!
Deactivating autopickup; reactivate with Ctrl-A.
You miss something. Something hits you. Something hits you!
You are lethally poisoned!
You see here a ball python corpse.
Okay, then.
You are too confused!
You feel very sick.
You bump into the rock wall.
* * * LOW HITPOINT WARNING * * *
You feel very sick. Something hits you but does no damage.
You completely miss something.
You feel less confused.
* * * LOW HITPOINT WARNING * * *
You feel sick. Something hits you!
You die...

###.# #..# ..(.#
#..# ...# #..#
##..## #).. #....
..# #...# #.#
#...#######<#
#...<.....{.#
#..##.#####@#
#..##.#####†#
#........##.#
#...........#
#####.##.####
#......# #.#.####
#.#.#
#.#.#########.##(


There were no monsters in sight!

Vanquished Creatures
  An adder (D:2)
  A dart slug (D:1)
  2 bats (D:1)
  4 endoplasms (D:1)
  2 goblins (D:1)
  2 hobgoblins
  A quokka (D:1)
  4 ball pythons
  2 frilled lizards (D:1)
  A kobold (D:1)
  A rat (D:1)
21 creatures vanquished.

Notes
Turn   | Place    | Note
-------+----------+-------------------------------------------
     0 | D:1      | safid the Merfolk Ice Elementalist began the quest for the
                  | Orb.
     0 | D:1      | Reached XP level 1. HP: 13/13 MP: 3/3
   273 | D:1      | Reached XP level 2. HP: 20/20 MP: 3/5
   279 | D:1      | Reached skill level 1 in Fighting
   689 | D:2      | Reached XP level 3. HP: 26/26 MP: 3/6
   737 | D:2      | Noticed Sigmund
   791 | D:2      | Slain by Sigmund

Illustrated notes

Levels and vault maps discovered:
D:1:      dpeg_arrival_tiny_b, layout_rooms, reono_crystal_passage
D:2:      layout_loops_ring, kennysheep_generic_room_4, uniq_sigmund

Skill      XL: |  1  2 |
---------------+-------+-----
Fighting       | 1 |  1.6
Dodging        | |  2.6
Stealth        | |  2.1
Spellcasting   | |  2.5
Ice Magic      | |  4.8

Action                     || total
---------------------------++-------
  Melee: Dagger            ||    32
   Cast: Freeze            ||    24
   Stab: Sleeping          ||     3
 Armour: Robe              ||    21
  Dodge: Dodged            ||    58
